cohdb
Replays
Latest Replays
All Replays
Popular Replays
Top Player Replays
Match Explorer
How It Works
Community
CoH3 Stats
Reddit
Sign in to upload your games and track your stats! →
Sign in with Steam
Match 40834983
Unlisted
Match 40834983
Overview
Messages
Build Orders
End
Construct Infanterie Kompanie
Kettenkrad Recon Vehicle
Grenadier Squad
MG 42 Machine Gun Team
Grenadier Squad
Construct Luftwaffe Kompanie
Jäger Squad
Jäger Squad
Selects Terror Battlegroup
Selects Interrogate
Selects Machine Gun Camouflage
Luftwaffe Officer Quarters
Jäger Squad
Von Ribbentrop
Lox
Jimmy English
broodwarjc
0
0
Comments
sign in to comment!
No comments posted yet!